 Dungeon Crawl Stone Soup version 0.30.1-11-g7821555f0a (webtiles) character file.

Game seed: 17387884007376312293

239 Okkudo the Chopper (level 6, 56/56 HPs)
             Began as a Hill Orc Monk on Nov 29, 2023.
             Quit the game on level 3 of the Dungeon.
             The game lasted 00:05:44 (2163 turns).

Okkudo the Chopper (Hill Orc Monk)                  Turns: 2163, Time: 00:05:45

Health: 56/56      AC:  8    Str: 16    XL:     6   Next: 7%
Magic:  6/6        EV: 10    Int: 10    God:
Gold:   166        SH:  0    Dex: 13    Spells: 5/5 levels left

rFire   . . .        a - +0 hand axe
rCold   . . .        d - orb {light}
rNeg    . . .        h - +0 scale mail
rPois   .            e - +0 helmet
rElec   .            m - +0 cloak
rCorr   .            (no gloves)
SInv    .            (no boots)
Will    .....        g - amulet of guardian spirit Stlth
                     (no ring)
HPRegen 0.29/turn    (no ring)
MPRegen 0.10/turn

%: guardian spirit
@: glowing
A: no striking features
a: no special abilities


You were on level 3 of the Dungeon.
You visited 1 branch of the dungeon, and saw 3 of its levels.

You collected 166 gold pieces.

Inventory:

Hand Weapons
 a - a +0 hand axe (weapon)
Missiles
 p - 4 poisoned darts (quivered)
Armour
 d - an orb of light (worn)
 e - a +0 helmet (worn)
 h - a +0 scale mail (worn)
 m - a +0 cloak (worn)
Jewellery
 g - an amulet of guardian spirit (around neck)
Scrolls
 b - 3 scrolls of identify {unknown}
 i - a scroll of fog {unknown}
 j - 2 scrolls of fear {unknown}
 l - a scroll of enchant armour {unknown}
Potions
 c - a potion of ambrosia
 f - a potion of haste {unknown}
 k - a potion of might {unknown}
 n - a potion of curing {unknown}
 o - a potion of brilliance {unknown}
 q - a potion of mutation {unknown}


   Skills:
 + Level 5.4 Fighting
 + Level 6.0 Axes
 + Level 3.6 Dodging


You had 5 spell levels left.
You didn't know any spells.
Your spell library contained the following spells:

 Spells                   Type           Power      Damage    Failure   Level
 Sublimation of Blood     Necr           0%         N/A       91%         2
 Wereblood                Tmut           0%         N/A       91%         2
 Summon Hydra             Summ           0%         N/A       100%        7


Dungeon Overview and Level Annotations

Branches:
Dungeon (3/15)

Altars:
Kikubaaqudgha


Message History

The worm barely misses you.
You hit the worm.
The worm is moderately wounded.
You hit the worm.
The worm is heavily wounded.
The worm bites you but does no damage.
You hit the worm.
The worm is severely wounded.
The worm closely misses you.
You slash the worm!
You kill the worm!
You see here a worm corpse.
You see here a bat corpse.
You see here a +0 dagger.
You see here a bat corpse.
You see here a +0 robe.
You see here a +0 scale mail.
You now have 166 gold pieces (gained 2).
A dart slug comes into view.
A hobgoblin comes into view.
The hobgoblin shouts!
You see here a fizzy inky potion.
You hit the dart slug.
The dart slug is heavily wounded.
The dart slug launches a dart at you.
The slug dart hits you but does no damage.
You hit the dart slug.
The dart slug is heavily wounded.
You hit the dart slug.
The dart slug is almost dead.
The dart slug launches a dart at you.
The slug dart hits you but does no damage.
You slash the hobgoblin!
You kill the hobgoblin!
You hit the dart slug.
You kill the dart slug!
Your Axes skill increases to level 6!
q - a fizzy inky potion
Found a stone staircase leading up.
Are you sure you want to abandon this character and quit the game? (Confirm with "yes".)

.# # #<# # #. . ... .........
#. .#.#.#.#.#.... ..
..............
#.#.#.#.#.#.#.....
#.................
#.................
##@........... #(
###.............. #.
#................ # #.
##.......†.......# #
#.###.................# #
..##.##..............# #
#.##.##..............#
########..#.##..............#
#........>...+.[............#


There were no monsters in sight!

Vanquished Creatures
  A water moccasin (D:3)
  A jelly (D:2)
  4 adders
  4 worms
  4 dart slugs
  4 bats
  2 endoplasms
  A giant cockroach (D:3)
  7 goblins
  5 hobgoblins
  4 kobolds
  A quokka (D:2)
  2 ball pythons
  3 frilled lizards
  8 rats
51 creatures vanquished.

Notes
Turn   | Place    | Note
-------+----------+-------------------------------------------
     0 | D:1      | Okkudo the Hill Orc Monk began the quest for the Orb.
     0 | D:1      | Reached XP level 1. HP: 19/19 MP: 1/1
   279 | D:1      | Reached XP level 2. HP: 13/23 MP: 2/2
   767 | D:2      | Reached XP level 3. HP: 29/32 MP: 3/3
  1100 | D:2      | Reached XP level 4. HP: 33/41 MP: 4/4
  1132 | D:2      | Reached skill level 5 in Axes
  1740 | D:3      | Found an ancient bone altar of Kikubaaqudgha.
  1813 | D:3      | Reached XP level 5. HP: 47/47 MP: 3/5
  1870 | D:3      | Noticed a water moccasin
  1893 | D:3      | Killed a water moccasin
  1894 | D:3      | Reached skill level 5 in Fighting
  1894 | D:3      | Reached XP level 6. HP: 15/56 MP: 3/6
  2118 | D:3      | Reached skill level 6 in Axes
  2163 | D:3      | Quit the game

Illustrated notes

Levels and vault maps discovered:
D:1:      zaba_arrival_water, layout_loops_cross, minmay_split_cup_small
D:2:      layout_basic
D:3:      layout_basic, kiku_gazebo_garden_becter, st_stairs_13

Skill      XL: |  1  2  3  4  5  6 |
---------------+-------------------+-----
Fighting       | 4 5 |  5.4
Dodging        | 3 |  3.6
Axes           | 5 6 |  6.0

Action                     |  1- 3 |  4- 6 || total
---------------------------+-------+-------++-------
  Melee: Hand axe          |   103 |    86 ||   189
    Use: Potion            |       |     1 ||     1
 Armour: Ring mail         |     3 |       ||     3
         Scale mail        |    32 |    16 ||    48
  Dodge: Dodged            |    39 |    51 ||    90
